 Dungeon Crawl Stone Soup version 0.22-a0-3-g4fa69d9 (webtiles) character file.

37587 Gorice the Severer (level 13, -1/95 HPs)
             Began as a Hill Orc Fighter on Jan 1, 2018.
             Was a High Priest of Beogh.
             Slain by a spiny frog (12 damage)
             ... on level 6 of the Lair of Beasts.
             The game lasted 01:14:11 (19378 turns).

Gorice the Severer (Hill Orc Fighter)              Turns: 19378, Time: 01:14:12

Health: -1/95      AC: 26    Str: 25    XL:     13   Next: 97%
Magic:  0/22       EV:  8    Int: 10    God:    Beogh [*****.]
Gold:   832        SH:  0    Dex: 12    Spells: 12/12 levels left

rFire    . . .     SeeInvis .   a - +2 battleaxe (pain)
rCold    + . .     Gourm    .   (shield currently unavailable)
rNeg     + . .     Faith    .   D - +0 plate armour
rPois    .         Spirit   +   q - +1 helmet
rElec    .         Reflect  .   M - +0 cloak
rCorr    .         Harm     .   c - +2 pair of gloves
MR       .....                  W - +0 pair of boots
Stlth    ..........             G - amulet of guardian spirit
HPRegen  0.25/turn              g - ring of protection from cold
MPRegen  0.18/turn              o - ring of positive energy

@: mighty
A: walk on water
a: Smiting, Recall Orcish Followers, Give Item to Named Follower, Renounce
Religion


You were on level 6 of the Lair of Beasts.
You worshipped Beogh.
Beogh was extremely pleased with you.
You were not hungry.

You visited 3 branches of the dungeon, and saw 16 of its levels.

You collected 1079 gold pieces.
You spent 247 gold pieces at shops.

Inventory:

Hand Weapons
 a - a +2 battleaxe of pain (weapon)
   (You acquired it on level 6 of the Dungeon)
 b - a +1 whip of venom
   (You found it on level 1 of the Dungeon)
 B - a +0 blowgun
Missiles
 j - 10 tomahawks (quivered)
 s - 4 curare-tipped needles
 u - 6 steel tomahawks
Armour
 c - a +2 pair of gloves (worn)
 q - a +1 helmet (worn)
 D - a +0 plate armour (worn)
 M - a +0 cloak (worn)
 W - a +0 pair of boots (worn)
Jewellery
 g - a ring of protection from cold (left hand)
 o - a ring of positive energy (right hand)
 t - an uncursed ring of positive energy
 G - an amulet of guardian spirit (around neck)
Wands
 i - a wand of disintegration (8)
 k - a wand of paralysis (1)
 J - a wand of iceblast (15)
Scrolls
 x - 4 scrolls of fog
 C - 8 scrolls of remove curse
 H - 2 scrolls of magic mapping {!r}
Potions
 d - a potion of might {!q}
 m - a potion of curing
 A - a potion of brilliance {unknown}
 P - 3 potions of haste {!q}
 S - 2 potions of cancellation {!q}
 T - 2 potions of resistance {!q}
Comestibles
 f - 42 rations
 h - 8 chunks of flesh


   Skills:
 - Level 3.6 Fighting
 - Level 20.0 Axes
 + Level 14.9 Armour
   Level 3.2 Shields
 - Level 12.0 Invocations


You had 12 spell levels left.
You didn't know any spells.

Dungeon Overview and Level Annotations

Branches:
Dungeon (9/15)             Temple (1/1) D:7            Lair (6/6) D:8
  Swamp (0/4) Lair:2        Snake (0/4) Lair:2        Slime (0/5) Lair:5
    Orc: D:9-12

Altars:
Ashenzari
Cheibriados
Dithmenos
Elyvilon
Fedhas
Gozag
Hepliaklqana
Kikubaaqudgha
Makhleb
Nemelex Xobeh
Okawaru
Qazlal
Ru
Sif Muna
Trog
Uskayaw
Vehumet
Wu Jian
Xom
Yredelemnul
Zin
The Shining One
Jiyva

Shops:
D:6 (   D:7 *

Annotations:
Lair:5 Rupe!, Rupert


Message History

Evoke which item? (* to show all) (? for menu, Esc to quit)
Aiming: Paralyse
Press: ? - help, Shift-Dir - straight line, f - spiny frog
Aim: a spiny frog (lightly wounded, chance to defeat MR: 46%)
The spiny frog resists with some effort.
You feel sick. The spiny frog stings you!
* * * LOW HITPOINT WARNING * * *
Damage: 6 (max 6) Unknown command.
You hit the spiny frog but do no damage.
The spiny frog is lightly wounded.
The spiny frog stings you!
* * * LOW HITPOINT WARNING * * *
Damage: 9 (max 9)
You hit the spiny frog.
The spiny frog is lightly wounded.
You feel sick.
Damage: 1 (max 9)
You feel better. The spiny frog barely misses you. The spiny frog stings you.
* * * LOW HITPOINT WARNING * * *
You hit the spiny frog.
The spiny frog is lightly wounded.
You closely miss the spiny frog.
The spiny frog is lightly wounded.
The spiny frog stings you!
* * * LOW HITPOINT WARNING * * *
Damage: 7 (max 9)
You hit the spiny frog.
The spiny frog is moderately wounded.
The spiny frog stings you but does no damage.
You feel better. The spiny frog completely misses you.
You hit the spiny frog but do no damage.
The spiny frog is moderately wounded.
The spiny frog stings you.
* * * LOW HITPOINT WARNING * * *
Damage: 4 (max 9)
You hit the spiny frog but do no damage.
The spiny frog is moderately wounded.
The spiny frog stings you!
* * * LOW HITPOINT WARNING * * *
Damage: 10 (max 10)
You slash the spiny frog!
The spiny frog is heavily wounded.
The spiny frog stings you but does no damage.
You feel better.
The spiny frog stings you but does no damage.
Really quaff
d - 2 potions of might {!q}?
You feel very mighty all of a sudden. The spiny frog stings you!
You die...

##### #### ..##.##.#@#
####.#. ........F##
##...... ..........#
##.†..... ..........#
#........ ...PP.P...# ##
#.#.F....
.P.P.PP..#..##.####†Y.Y...
..P.PPP..##.........FF....
...≈≈≈...##...............
...≈≈≈P...................


You could see a spiny frog.

Vanquished Creatures
  A catoblepas (Lair:2)
  6 hydras
  A death yak (Lair:5)
  2 two-headed ogres
  The ghost of wazuzu the Carver, a novice HaFi of the Shining One (D:7)
  3 elephants (Lair:6)
  Psyche (D:9)
  5 black mambas
  15 spiny frogs
  9 rime drakes
  5 komodo dragons
  11 blink frogs (Lair:6)
  12 dream sheep
  6 hippogriffs
  21 yaks
  A basilisk (Lair:3)
  3 wyverns
  A human (D:7)
  4 hogs (D:7)
  11 steam dragons
  5 vampire mosquitoes (Lair:6)
  4 nagas (Lair:2)
  8 water moccasins
  4 porcupines
  2 orc warriors
  3 ice beasts
  4 sky beasts
  A necrophage (D:6)
  3 wolves (Lair:4)
  An eye of draining (D:9)
  4 phantoms
  An ogre (D:9)
  20 bullfrogs
  10 crocodiles
  A gnoll sergeant (D:9)
  A wyvern skeleton (D:7)
  3 scorpions
  A water moccasin skeleton (D:7)
  3 howler monkeys (D:7)
  2 crimson imps (D:7)
  10 orc wizards
  Crazy Yiuf (D:7)
  4 orc priests
  A gnoll shaman (D:5)
  2 hounds
  A jelly (D:9)
  2 centaur skeletons
  3 worker ants
  A hound skeleton (D:4)
  A howler monkey zombie (D:8)
  6 adders
  18 gnolls
  A shadow imp (D:7)
  2 worms
  3 dart slugs
  5 leopard geckos
  23 orcs
  9 bats
  4 giant cockroaches
  6 hobgoblins
  3 jackals (D:5)
  4 quokkas
  2 ball pythons
  A ball python skeleton (D:5)
  7 frilled lizards
  2 goblins
  A jackal skeleton (D:4)
  7 kobolds
  A quokka skeleton (D:5)
  A quokka zombie (D:5)
  2 rats (D:3)
  2 fungi
336 creatures vanquished.

Vanquished Creatures (collateral kills)
  A rime drake (Lair:3)
  A komodo dragon (Lair:3)
  A hippogriff (Lair:1)
  3 steam dragons
  2 insubstantial wisps (D:8)
  A porcupine (Lair:1)
  A sky beast (D:8)
  A wolf (D:9)
  2 crocodiles (Lair:1)
  2 bullfrogs (Lair:1)
  A scorpion (D:9)
  A crimson imp (D:8)
  An orc wizard (D:9)
  A butterfly (Lair:1)
19 creatures vanquished.

Vanquished Creatures (others)
  A sky beast (D:8)
  An orc wizard (D:6)
  5 orcs (D:8)
  A quokka (D:4)
  17 fungi
  62 plants
87 creatures vanquished.

Grand Total: 442 creatures vanquished

Notes
Turn   | Place    | Note
-------+----------+-------------------------------------------
     0 | D:1      | Gorice the Hill Orc Fighter began the quest for the Orb.
     0 | D:1      | Reached XP level 1. HP: 19/19 MP: 1/1
    27 | D:1      | Reached skill level 3 in Axes
    64 | D:1      | Reached XP level 2. HP: 23/26 MP: 2/2
   579 | D:1      | Reached skill level 4 in Axes
   579 | D:1      | Reached XP level 3. HP: 31/31 MP: 3/3
   869 | D:2      | Found a sparkling altar of Nemelex Xobeh.
  1524 | D:3      | Found a shimmering altar of Xom.
  1571 | D:3      | Noticed a phantom
  1648 | D:3      | Killed a phantom
  1648 | D:3      | Reached skill level 5 in Axes
  1648 | D:3      | Reached skill level 4 in Armour
  1648 | D:3      | Reached XP level 4. HP: 21/39 MP: 4/4
  1648 | D:3      | Reached XP level 5. HP: 24/45 MP: 5/5
  1649 | D:3      | --wow, double level up!
  1930 | D:3      | Found a radiant altar of Vehumet.
  1969 | D:3      | Reached skill level 6 in Axes
  2719 | D:4      | Found an iron altar of Okawaru.
  2780 | D:4      | Reached XP level 6. HP: 49/51 MP: 6/6
  2888 | D:4      | Reached skill level 7 in Axes
  2888 | D:4      | Reached skill level 5 in Armour
  2902 | D:4      | Became a worshipper of Beogh the Brigand
  2932 | D:4      | Found a stormy altar of Qazlal.
  3003 | D:4      | Found a white marble altar of Elyvilon.
  3124 | D:4      | Noticed an orc warrior
  3161 | D:4      | Killed an orc warrior
  3385 | D:4      | Noticed a phantom
  3428 | D:4      | Killed a phantom
  3428 | D:4      | Reached skill level 8 in Axes
  3428 | D:4      | Reached XP level 7. HP: 53/57 MP: 7/7
  3459 | D:4      | Found a glowing golden altar of the Shining One.
  3460 | D:4      | Found a white marble altar of Elyvilon.
  3461 | D:4      | Found a glowing silver altar of Zin.
  3658 | D:5      | Entered Level 5 of the Dungeon
  3920 | D:5      | Found a stormy altar of Qazlal.
  3948 | D:5      | Reached * piety under Beogh
  3959 | D:5      | HP: 7/57 [orc priest/divine providence (11)]
  3967 | D:5      | Reached skill level 6 in Armour
  3967 | D:5      | Reached skill level 9 in Axes
  4493 | D:6      | Got a shimmering trident
  4597 | D:6      | Reached XP level 8. HP: 54/64 MP: 5/8
  4712 | D:5      | Reached skill level 10 in Axes
  4741 | D:6      | Found Daddiofo's Antique Weapon Boutique.
  4896 | D:6      | Reached ** piety under Beogh
  4945 | D:6      | Reached skill level 7 in Armour
  5147 | D:6      | Identified a scroll of acquirement
  5233 | D:7      | Reached skill level 11 in Axes
  5401 | D:7      | Reached XP level 9. HP: 49/70 MP: 6/9
  5554 | D:7      | Reached skill level 12 in Axes
  5554 | D:7      | Reached skill level 8 in Armour
  5593 | D:7      | Reached skill level 13 in Axes
  5849 | D:7      | Noticed wazuzu's ghost (novice HaFi)
  5879 | D:7      | Killed wazuzu's ghost
  5879 | D:7      | Reached *** piety under Beogh
  5879 | D:7      | Reached skill level 9 in Armour
  6089 | D:7      | Found Hiplanos's Assorted Antiques.
  6097 | D:7      | Bought a pair of twisted gloves for 247 gold pieces
  6097 | D:7      | Identified the +0 pair of gloves of Pathos {MR+ Str+3 Stlth+} (You bought it in a shop on level 7 of the Dungeon)
  6188 | D:7      | Found a burning altar of Makhleb.
  6260 | D:7      | Found a runed door.
  6266 | D:7      | Noticed Crazy Yiuf
  6273 | D:7      | Killed Crazy Yiuf
  6328 | D:7      | Found a staircase to the Ecumenical Temple.
  6333 | Temple   | Entered the Ecumenical Temple
  6737 | D:8      | Reached skill level 14 in Axes
  6737 | D:8      | Reached XP level 10. HP: 59/77 MP: 6/10
  7056 | D:8      | Noticed a two-headed ogre
  7078 | D:8      | Killed a two-headed ogre
  7346 | D:8      | You fall through a shaft!
  7360 | D:9      | Reached skill level 15 in Axes
  7445 | D:9      | Got a twisted trident
  7487 | D:9      | Reached skill level 10 in Armour
  7596 | D:9      | Noticed a two-headed ogre
  7626 | D:9      | Killed a two-headed ogre
  8163 | D:8      | Reached skill level 16 in Axes
  8432 | D:8      | Found a staircase to the Lair.
  8752 | Lair:1   | Entered Level 1 of the Lair of Beasts
  8755 | Lair:1   | Noticed a spiny frog
  8765 | Lair:1   | Killed a spiny frog
  8895 | Lair:1   | Reached XP level 11. HP: 52/82 MP: 11/11
  8975 | Lair:1   | Noticed a five-headed hydra
  8991 | Lair:1   | Killed a five-headed hydra
  8991 | Lair:1   | Reached skill level 11 in Armour
 10378 | D:9      | Noticed Psyche
 10389 | D:9      | Killed Psyche
 10389 | D:9      | Reached skill level 17 in Axes
 10509 | D:9      | Reached **** piety under Beogh
 10940 | Lair:2   | Reached skill level 1 in Invocations
 11037 | Lair:2   | Noticed a six-headed hydra
 11051 | Lair:2   | Killed a six-headed hydra
 11051 | Lair:2   | Reached skill level 2 in Invocations
 11156 | Lair:2   | Found a staircase to the Snake Pit.
 11231 | Lair:2   | Noticed a catoblepas
 11507 | Lair:2   | Found a staircase to the Swamp.
 11620 | Lair:2   | Reached skill level 3 in Invocations
 12165 | Lair:2   | Killed a catoblepas
 12165 | Lair:2   | Reached skill level 4 in Invocations
 12172 | Lair:2   | Reached skill level 12 in Armour
 12197 | Lair:2   | Reached skill level 5 in Invocations
 12223 | Lair:2   | Reached XP level 12. HP: 42/90 MP: 10/16
 12726 | Lair:2   | Reached skill level 18 in Axes
 13105 | Lair:3   | Reached skill level 6 in Invocations
 13463 | Lair:3   | HP: 26/90 [something (2)]
 13477 | Lair:3   | HP: 14/90 [something (6)]
 13485 | Lair:3   | HP: 13/90 [steam dragon/ball of steam (11)]
 13496 | Lair:3   | HP: 19/135 [steam dragon] (2)]
 13505 | Lair:3   | HP: 19/90 [steam dragon/ball of steam (10)]
 13506 | Lair:3   | Reached skill level 7 in Invocations
 13513 | Lair:3   | HP: 15/90 [komodo dragon (1)]
 13849 | Lair:3   | Got a scorched ring mail
 14446 | Lair:3   | Noticed a seven-headed hydra
 14459 | Lair:3   | Killed a seven-headed hydra
 14459 | Lair:3   | Reached skill level 13 in Armour
 14459 | Lair:3   | Reached skill level 8 in Invocations
 15104 | Lair:4   | Reached ***** piety under Beogh
 15650 | Lair:4   | Reached skill level 9 in Invocations
 16058 | Lair:4   | Reached skill level 19 in Axes
 16140 | Lair:5   | Noticed a five-headed hydra
 16146 | Lair:5   | Noticed a five-headed hydra
 16158 | Lair:4   | Killed a five-headed hydra
 16158 | Lair:4   | Reached XP level 13. HP: 67/95 MP: 14/20
 16661 | Lair:5   | Reached skill level 10 in Invocations
 16797 | Lair:5   | Found a viscous altar of Jiyva.
 16797 | Lair:5   | Found a staircase to the Slime Pits.
 17193 | Lair:5   | Noticed Rupert
 17195 | Lair:5   | Paralysed by Rupert for 4 turns
 18084 | Lair:6   | Entered Level 6 of the Lair of Beasts
 18136 | Lair:5   | Paralysed by Rupert for 2 turns
 18324 | Lair:6   | Reached skill level 14 in Armour
 18346 | Lair:6   | HP: 21/95 [spiny frog (9)]
 18358 | Lair:6   | HP: 21/95 [blink frog (7)]
 18375 | Lair:6   | HP: 24/95 [blink frog (1)]
 18391 | Lair:6   | HP: 18/95 [blink frog (10)]
 18401 | Lair:6   | HP: 22/95 [dream sheep (4)]
 18405 | Lair:6   | Reached skill level 11 in Invocations
 18411 | Lair:6   | HP: 16/95 [blink frog (8)]
 18423 | Lair:6   | HP: 12/95 [blink frog (6)]
 19199 | Lair:6   | Reached skill level 20 in Axes
 19224 | Lair:6   | HP: 28/95 [elephant (7)]
 19243 | Lair:6   | HP: 20/95 [elephant (6)]
 19244 | Lair:6   | Reached skill level 12 in Invocations
 19248 | Lair:6   | HP: 23/142 [spiny frog (7)]
 19330 | Lair:6   | HP: 23/95 [blink frog (6)]
 19365 | Lair:6   | HP: 26/95 [spiny frog (5)]
 19367 | Lair:6   | HP: 11/95 [spiny frog (9)]
 19374 | Lair:6   | HP: 15/95 [spiny frog (4)]
 19375 | Lair:6   | HP: 5/95 [spiny frog (10)]
 19378 | Lair:6   | Slain by a spiny frog

Vault maps used:
D:1:      scummos_arrival_checkerplants, hangedman_decor_lopped
D:2:      nemelex_xobeh_ov_fountains_minmay
D:3:      lemuel_coloured_pillars_altar, vehumet_crystals, first_ration,
          minivault_19
D:4:      kennysheep_big_flooded_room, good_gods_temple_1,
          kennysheep_little_box, overflow_temple_1_default, grunt_ministairs_7,
          elyvilon_altar_4
D:5:      basic_altar
D:6:      serial_shops, nicolae_shop_waterfront
D:7:      temple_doors_ab, serial_shops, nicolae_shop_stone, grunt_livestock,
          bloody_makhleb, uniq_crazy_yiuf_cottage
D:8:      lair_entry_dummy, hangedman_misty_isle
D:9:      basic_loot_grate_trap, uniq_psyche, uniq_grum
Temple:   eino_temple_water
Lair:1:   serial_forest, infiniplex_forest_end_2, infiniplex_forest_end_1,
          infiniplex_forest_corner_1, infiniplex_forest_lined_3_way,
          infiniplex_forest_3_way, infiniplex_forest_end_1,
          infiniplex_forest_straight_5, infiniplex_forest_lined_corner,
          infiniplex_forest_lined_3_way, serial_bayou_shore_a,
          serial_bayou_shore_b, grunt_megastairs_3, lemuel_fruit_tree,
          serial_bayou_shore_b, lemuel_fruit_fields
Lair:2:   swamp_mist, minmay_snake_entry_guardpost_small, grunt_megastairs_4,
          serial_bayou_shore_b
Lair:3:   bobbens_dragon_lair_wall
Lair:5:   slime_altar_1, minivault_23, beast_lair_carwin_1, uniq_rupert
Lair:6:   minmay_lair_end_frog_pond, kennysheep_snail_temple

Skill      XL: |  1  2  3  4  5  6  7  8  9 10 11 12 13 |
---------------+----------------------------------------+-----
Axes           | 3 4 5 6 8 9 11 14 16 17 19 20 | 20.0
Armour         | 4 5 6 7 9 10 12 13 14 | 14.9
Invocations    | 5 9 12 | 12.0
Fighting       | |  3.6
Shields        | |  3.2

Action                   |  1- 3 |  4- 6 |  7- 9 | 10-12 | 13-15 || total
-------------------------+-------+-------+-------+-------+-------++-------
Melee: War axe           |    72 |    20 |    30 |       |       ||   122
       Whip              |    36 |   141 |   350 |   154 |    29 ||   710
       Battleaxe         |       |       |    54 |   528 |   352 ||   934
Throw: Tomahawk          |    14 |     4 |     8 |    14 |    33 ||    73
Invok: Convert to Beogh  |       |     1 |       |       |       ||     1
       Recall Orcish Fol |       |       |       |     2 |     1 ||     3
       Smiting           |       |       |       |     1 |    10 ||    11
Evoke: Wand              |       |       |     5 |    14 |     7 ||    26
  Use: Scroll            |     8 |     5 |     5 |    10 |     4 ||    32
       Potion            |       |       |     3 |     5 |    13 ||    21
 Stab: Paralysed         |       |       |     4 |     5 |     5 ||    14
       Distracted        |       |       |       |     2 |       ||     2
       Petrified         |       |       |       |     4 |       ||     4
  Eat: Chunk             |     2 |     6 |     9 |    19 |    10 ||    46
       Ration            |       |       |     1 |     3 |       ||     4
Armor: Scale mail        |    28 |       |       |       |       ||    28
       Chain mail        |    19 |    60 |       |       |       ||    79
       Plate armour      |       |    11 |   261 |   447 |   266 ||   985
       Skin              |       |       |       |       |    10 ||    10
Dodge: Dodged            |    17 |    28 |    80 |   216 |   118 ||   459
Block: Shield            |    44 |    62 |    79 |       |       ||   185

Table legend:
 A = Spawn XP
 B = Non-spawn XP
 C = Spawn XP percentage of total XP
 D = Spawn monster count
 E = Non-spawn monster count
 F = Spawn count percentage of total count
 G = Total turns spent on level
                    A         B        C        D         E        F      G
               +---------+---------+-------+---------+---------+-------+---------
         Total |       0 |   53696 |   0.0 |       0 |     354 |   0.0 | 19378
               +---------+---------+-------+---------+---------+-------+---------
           D:1 |       0 |      35 |   0.0 |       0 |      18 |   0.0 |   827
           D:2 |       0 |      14 |   0.0 |       0 |       6 |   0.0 |   521
           D:3 |       0 |     205 |   0.0 |       0 |      26 |   0.0 |  1450
           D:4 |       0 |     570 |   0.0 |       0 |      29 |   0.0 |  1103
           D:5 |       0 |     373 |   0.0 |       0 |      20 |   0.0 |   725
           D:6 |       0 |     655 |   0.0 |       0 |      17 |   0.0 |   560
           D:7 |       0 |    2587 |   0.0 |       0 |      29 |   0.0 |  1304
           D:8 |       0 |    2307 |   0.0 |       0 |      16 |   0.0 |  1325
           D:9 |       0 |    3285 |   0.0 |       0 |      25 |   0.0 |  1302
        Lair:1 |       0 |    2569 |   0.0 |       0 |      13 |   0.0 |  1553
        Lair:2 |       0 |    7110 |   0.0 |       0 |      27 |   0.0 |  2472
        Lair:3 |       0 |    9007 |   0.0 |       0 |      36 |   0.0 |  1969
        Lair:4 |       0 |    3961 |   0.0 |       0 |      16 |   0.0 |  1411
        Lair:5 |       0 |    6135 |   0.0 |       0 |      22 |   0.0 |  1547
        Lair:6 |       0 |   14883 |   0.0 |       0 |      54 |   0.0 |  1084
               +---------+---------+-------+---------+---------+-------+---------

Table legend:
 A = Turns spent in this place as a percentage of turns spent in the entire game.
 B = Non-inter-level travel turns spent in this place as a percentage of non-inter-level travel turns spent in the entire game.
 C = Inter-level travel turns spent in this place as a percentage of turns spent in this place.
 D = Turns resting spent in this place as a percentage of non-inter-level travel turns spent in this place.
 E = Turns spent auto-exploring this place as a percentage of non-inter-level travel turns spent in this place.
 F = Non-inter-level travel turns spent in this place divided by the number of levels of this place that you've seen.
                   A       B       C       D       E      F
               +-------+-------+-------+-------+-------+----------------------
         Total | 100.0 | 100.0 |   5.4 |  30.0 |  39.2 | 1145.9
       Dungeon |  47.0 |  47.2 |   5.1 |  19.7 |  45.7 | 961.4
        Temple |   1.2 |   1.2 |   6.2 |   0.0 |  98.6 | 211.0
          Lair |  51.8 |  51.7 |   5.6 |  40.1 |  31.9 | 1578.5
               +-------+-------+-------+-------+-------+----------------------

Vault maps used:
D:1:      scummos_arrival_checkerplants, hangedman_decor_lopped
D:2:      nemelex_xobeh_ov_fountains_minmay
D:3:      lemuel_coloured_pillars_altar, vehumet_crystals, first_ration,
          minivault_19
D:4:      kennysheep_big_flooded_room, good_gods_temple_1,
          kennysheep_little_box, overflow_temple_1_default, grunt_ministairs_7,
          elyvilon_altar_4
D:5:      basic_altar
D:6:      serial_shops, nicolae_shop_waterfront
D:7:      temple_doors_ab, serial_shops, nicolae_shop_stone, grunt_livestock,
          bloody_makhleb, uniq_crazy_yiuf_cottage
D:8:      lair_entry_dummy, hangedman_misty_isle
D:9:      basic_loot_grate_trap, uniq_psyche, uniq_grum
Temple:   eino_temple_water
Lair:1:   serial_forest, infiniplex_forest_end_2, infiniplex_forest_end_1,
          infiniplex_forest_corner_1, infiniplex_forest_lined_3_way,
          infiniplex_forest_3_way, infiniplex_forest_end_1,
          infiniplex_forest_straight_5, infiniplex_forest_lined_corner,
          infiniplex_forest_lined_3_way, serial_bayou_shore_a,
          serial_bayou_shore_b, grunt_megastairs_3, lemuel_fruit_tree,
          serial_bayou_shore_b, lemuel_fruit_fields
Lair:2:   swamp_mist, minmay_snake_entry_guardpost_small, grunt_megastairs_4,
          serial_bayou_shore_b
Lair:3:   bobbens_dragon_lair_wall
Lair:5:   slime_altar_1, minivault_23, beast_lair_carwin_1, uniq_rupert
Lair:6:   minmay_lair_end_frog_pond, kennysheep_snail_temple
